 Dungeon Sprint DCSS version 0.18-a0-1784-ga939a68 (webtiles) character file.

320242 Kidiri the Minotaur Barricade (level 19, -23/207 HPs)
             Began as a Minotaur Fighter on Apr 18, 2016.
             Was the Champion of the Shining One.
             Killed from afar by an orb of fire (27 damage)
             ... with a fireball
             ... in the Dungeon (Sprint IX: "|||||||||||||||||||||||||||||").
             The game lasted 00:46:43 (9464 turns).

Kidiri the Minotaur Barricade (Minotaur Fighter)    Turns: 9464, Time: 00:46:44

Health: -23/207    AC: 36    Str: 50    XL:     19   Next: 24%
Magic:  21/29      EV: 27    Int: 11    God:    the Shining One [******]
Gold:   1961       SH: 51    Dex: 15    Spells: 0 memorised, 18 levels left

rFire  + . .     SeeInvis +     a - +2 morningstar of the Land of Plenty {crush, Dex+6}
rCold  + + +     Gourm    .     Z - +6 plate armour
rNeg   + + +     Faith    .     s - +7 large shield
rPois  +         Spirit   .     b - +0 hat of Inference {Str+3 Int+4}
rElec  .         Dismiss  +     K - +0 cloak "Qappinyi" {Str+3 Int+4}
rCorr  .         Reflect  .     L - +2 pair of gloves
SustAt .         Harm     .     x - +2 pair of boots {run}
MR     +....     Clarity  +     Y - amulet of Heruanoy {Dismiss Str+6 Dex+3 SInv}
Stlth  .......... NoTele   +    W - ring "Dohel Eke" {*Confuse rF+ rC+ rN+ Str+3}
                                X - ring of Zytai {rPois rC+ Str+6 Dex-2}

@: divine shield, glowing, quick, somewhat resistant to hostile enchantments,
extremely unstealthy
A: retaliatory headbutt, claws 1, horns 2, thin metallic scales 1, clarity,
clumsy 1, cold resistance 1, deformed body, dopey 1, low mp 1, poison
resistance, shaggy fur 1, subdued magic 1, sturdy frame 1
a: Divine Shield, Cleansing Flame, Summon Divine Warrior, Brand Weapon With Holy
Wrath, Renounce Religion
}: 5/15 runes: decaying, serpentine, barnacled, silver, gossamer


You were in the Dungeon.
You worshipped the Shining One.
The Shining One was exalted by your worship.
You were not hungry.

You visited 1 branch You collected 1961 gold pieces.

Inventory:

Hand Weapons
 a - the +2 morningstar of the Land of Plenty (weapon) {crush, Dex+6}
   (You found it in the Dungeon)

   It inflicts extra damage upon your enemies.
   It affects your dexterity (+6).
Missiles
 c - 12 tomahawks of returning
 r - 13 poisoned javelins
 t - 15 tomahawks of dispersal
 E - 72 javelins
 G - 4 needles of sleeping
 N - 13 tomahawks
 P - 4 javelins of penetration (quivered)
 S - 8 silver javelins
 U - 6 poisoned tomahawks
Armour
 b - the +0 hat of Inference (worn) {Str+3 Int+4}
   (You found it in the Dungeon)

   It affects your strength (+3).
   It affects your intelligence (+4).
 s - a +7 large shield (worn)
 x - a +2 pair of boots of running (worn)
 K - the +0 cloak "Qappinyi" (worn) {Str+3 Int+4}
   (You found it in the Dungeon)

   It affects your strength (+3).
   It affects your intelligence (+4).
 L - a +2 pair of gloves (worn)
 Z - a +6 plate armour (worn)
Jewellery
 W - the ring "Dohel Eke" (right hand) {*Confuse rF+ rC+ rN+ Str+3}
   (You found it in the Dungeon)

   [ring of strength]

   It affects your strength (+3).
   It protects you from fire.
   It protects you from cold.
   It protects you from negative energy.
   It may confuse you when you take damage.
 X - the ring of Zytai (left hand) {rPois rC+ Str+6 Dex-2}
   (You found it in the Dungeon)

   [ring of poison resistance]

   It affects your strength (+6).
   It affects your dexterity (-2).
   It protects you from cold.
   It protects you from poison.
 Y - the amulet of Heruanoy (around neck) {Dismiss Str+6 Dex+3 SInv}
   (You found it in the Dungeon)

   [amulet of dismissal]

   It may teleport away creatures that harm you.
   It affects your strength (+6).
   It affects your dexterity (+3).
   It lets you see invisible.
Wands
 p - a wand of acid (7/15)
 H - a wand of hasting (5/9)
Scrolls
 k - 9 scrolls of blinking
 n - 4 scrolls of remove curse
 o - 2 scrolls of amnesia
 q - a scroll of identify
 y - 10 scrolls of enchant weapon
 z - 2 scrolls of recharging
 B - a scroll of fear
 R - 3 scrolls of fog
Potions
 d - 2 potions of might
 e - 12 potions of curing
 g - 2 potions of heal wounds
 h - 3 potions of haste
 i - 4 potions of magic
 j - 7 potions of berserk rage
 m - a potion of invisibility
 u - 3 potions of brilliance
 v - 2 potions of resistance
 C - a potion of cure mutation
 T - a potion of agility
Comestibles
 f - 13 bread rations
 l - 5 chunks of flesh
 w - 13 meat rations
 D - 19 fruits


   Skills:
 O Level 27 Fighting
 O Level 27 Maces & Flails
 + Level 24.8 Throwing
 O Level 27 Armour
 + Level 26.5 Dodging
 O Level 27 Shields
 + Level 18.7 Invocations
 + Level 21.0 Evocations


You had 18 spell levels left.
You didn't know any spells.

Dungeon Overview and Level Annotations

Branches:
Dungeon (1/1)

Altars:
Cheibriados
Dithmenos
Elyvilon
Fedhas
Gozag
Kikubaaqudgha
Makhleb
Nemelex Xobeh
Okawaru
Pakellas
Qazlal
Ru
Sif Muna
Trog
Vehumet
Xom
Yredelemnul
Zin
The Shining One
Beogh
Jiyva
Lugonu

Shops:
D [([%

Annotations:
D Sonja


Innate Abilities, Weirdness & Mutations

You reflexively headbutt those who attack you in melee.
You have a pair of horns on your head.
You have sharp fingernails.
You are partially covered in thin metallic scales (AC +2).
You possess an exceptional clarity of mind.
You are clumsy. (Dex -2)
Your flesh is cold resistant.
Armour fits poorly on your strangely shaped body.
You are dopey. (Int -2)
Your magical capacity is low (-10% MP).
Your system is resistant to poisons.
You are covered in fur (AC +1).
Your spells are a little easier to cast, but a little less powerful.
Your movements are slightly less encumbered by armour (ER -2).


Message History

The orb of fire completely resists.
The bolt of negative energy misses you.
The orb of fire glows bright magenta.
The fireball explodes!
The fireball engulfs the orb of fire.
The orb of fire completely resists.
The fireball engulfs you! You resist.
* * * LOW HITPOINT WARNING * * *
The fireball engulfs the orb of fire.
The orb of fire completely resists.
Unknown command.
You swap places.
The orb of fire glows yellow.
The fireball explodes!
The fireball engulfs your angel. The fireball engulfs you! You resist.
* * * LOW HITPOINT WARNING * * *
The fireball engulfs the orb of fire.
The orb of fire completely resists.
The electric golem blinks!
Your angel hits the orb of fire with a whip of holy wrath.
Your angel hits the orb of fire but does no damage.
The orb of fire glows bright magenta.
The fireball explodes!
The fireball engulfs your angel. The fireball engulfs you! You resist.
You die...

▓.▓.▓.▓.▓.▓.▓)▓.▓)
▓'▓.▓)▓.▓[▓.▓.▓.▓)
▓.▓.▓'▓.▓[▓.▓.▓.▓)
▓'▓.▓)▓.▓[▓.▓.▓.▓'
▓.▓.▓)▓.▓[▓.▓'▓.▓.
▓)▓.▓[▓.▓.▓.▓[▓.▓.
▓.▓.▓.▓.▓.▓.▓)▓.▓.
▓.▓.▓)▓.▓.▓.▓(▓)▓.
▓@▓.▓.▓.▓.▓.▓)▓)▓.
▓A▓.▓.▓.▓.▓.▓)▓.▓.
▓*▓.▓.▓.▓.▓.▓(▓)▓.
▓*▓.▓'▓.▓.▓.▓)▓)▓.
▓D▓.▓.▓.▓.▓.▓[▓)▓.
▓8▓.▓)▓.▓.▓.▓)▓.▓.
▓.▓.▓.▓.▓.▓.▓[▓.▓.
▓.▓.▓)▓.▓.▓.▓)▓.▓.
▓(▓.▓.▓.▓.▓.▓)▓.▓(


You could see 2 orbs of fire, an electric golem, a shadow dragon and a friendly
angel.

Vanquished Creatures
  3 ancient liches (D)
  2 orbs of fire (D)
  Mara (D)
  Boris (D)
  Frederick (D)
  Norris (D)
  A curse toe (D)
  Margery (D)
  A Killer Klown (D)
  2 golden dragons (D)
  Xtahua (D)
  A bone dragon (D)
  Nikola (D)
  5 tentacled monstrosities (D)
  16 Orb Guardians (D)
  A quicksilver dragon (D)
  Agnes (D)
  A sphinx (D)
  A death cob (D)
  5 shadow dragons (D)
  Ilsuiw (D)
  Kirke (D)
  4 draconian monks (D)
  3 storm dragons (D)
  4 greater nagas (D)
  Wiglaf (D)
  A fire giant (D)
  An iron dragon (D)
  2 vault wardens (D)
  A draconian scorcher (D)
  2 ghost moths (D)
  6 emperor scorpions (D)
  4 ironheart preservers (D)
  2 draconian shifters (D)
  A draconian zealot (D)
  A draconian caller (D)
  2 draconian annihilators (D)
  A stone giant (D)
  3 very ugly things (D)
  Nessos (D)
  2 black draconians (D)
  A deep elf annihilator (D)
  2 mottled draconians (D)
  A yellow draconian (D)
  3 salamander stormcallers (D)
  4 green draconians (D)
  Snorg (D)
  4 merfolk javelineers (D)
  4 red draconians (D)
  2 ettins (D)
  25 vault guards (D)
  3 yaktaur captains (D)
  2 merfolk impalers (D)
  Harold (D)
  4 fire dragons (D)
  6 hydras (D)
  A great orb of eyes (D)
  2 ogre magi (D)
  A merfolk avatar (D)
  3 naga warriors (D)
  3 centaur warriors (D)
  An alligator (D)
  4 ice dragons (D)
  A deep troll shaman (D)
  2 merfolk aquamancers (D)
  A tengu warrior (D)
  A spriggan berserker (D)
  A deep troll earth mage (D)
  Urug (D)
  2 shock serpents (D)
  Nergalle (D)
  A fire crab (D)
  A skeletal warrior (D)
  2 hell knights (D)
  A sea snake (D)
  2 flayed ghosts (D)
  A spriggan druid (D)
  A naga ritualist (D)
  6 swamp dragons (D)
  2 ironbrand convokers (D)
  A harpy (shapeshifter) (D)
  2 deep elf archers (D)
  3 hill giants (D)
  5 necromancers (D)
  A wolf spider (D)
  11 orc knights (D)
  7 orc sorcerers (D)
  A deep elf mage (D)
  A hornet (shapeshifter) (D)
  2 manticores (D)
  12 moths of wrath (D)
  A cyclops (D)
  3 ugly things (D)
  3 black mambas (D)
  2 vault sentinels (D)
  3 guardian serpents (D)
  A water nymph (D)
  3 naga magi (D)
  2 gargoyles (D)
  3 spiny frogs (D)
  A kobold demonologist (D)
  5 yaktaurs (D)
  A freezing wraith (D)
  3 demonic crawlers (D)
  4 jumping spiders (D)
  3 merfolk (D)
  2 polar bears (D)
  A bog body (D)
  A slime creature (D)
  A boulder beetle (D)
  A snapping turtle (D)
  2 water elementals (D)
  A redback (shapeshifter) (D)
  2 redbacks (D)
  2 wraiths (D)
  2 tarantellas (D)
  2 yaks (D)
  2 hogs (D)
  3 basilisks (D)
  3 hippogriffs (D)
  A steam dragon (D)
  2 mottled dragons (D)
  8 nagas (D)
  2 porcupines (D)
  A water moccasin (D)
  9 orc warriors (D)
  2 swamp drakes (D)
  A wasp (D)
  6 black bears (D)
  A wolf (D)
  2 boggarts (D)
  An ogre (D)
  2 centaurs (D)
  3 crocodiles (D)
  A big kobold (D)
  2 giant frogs (D)
  A scorpion (D)
  A howler monkey (D)
  A wight (D)
  A quasit (D)
  6 orc priests (D)
  A hound (D)
  A jelly (D)
  7 orc wizards (D)
  An iguana (D)
  2 worker ants (D)
  An adder (D)
  An adder skeleton (D)
  2 dart slugs (D)
  An adder simulacrum (D)
  A giant gecko (D)
  5 orcs (D)
  A bat zombie (D)
  A quokka (D)
  A ball python (D)
  A giant gecko skeleton (D)
  A giant newt (D)
  A fire vortex (D)
388 creatures vanquished.

Vanquished Creatures (others)
  A merfolk javelineer (D)
  A merfolk aquamancer (D)
  A spriggan druid (D)
  A wolf spider (D)
  A vampire mosquito (D)
  A fire vortex (D)
6 creatures vanquished.

Grand Total: 394 creatures vanquished

Notes
Turn   | Place    | Note
--------------------------------------------------------------
     0 | D        | Kidiri the Minotaur Fighter began the quest for the Orb.
     0 | D        | Reached XP level 1. HP: 19/19 MP: 0/0
    16 | D        | Reached skill level 1 in Throwing
    18 | D        | Reached XP level 2. HP: 13/27 MP: 1/1
   162 | D        | Noticed a howler monkey
   162 | D        | Noticed a scorpion
   170 | D        | Reached skill level 1 in Dodging
   179 | D        | Killed a howler monkey
   179 | D        | Reached skill level 5 in Fighting
   179 | D        | Reached skill level 5 in Armour
   179 | D        | Reached skill level 5 in Shields
   179 | D        | Reached XP level 3. HP: 16/36 MP: 2/2
   183 | D        | Killed a scorpion
   183 | D        | Reached skill level 5 in Maces & Flails
   183 | D        | Reached XP level 4. HP: 19/44 MP: 3/3
   198 | D        | Found a glowing silver altar of Zin.
   198 | D        | Found a glowing golden altar of the Shining One.
   198 | D        | Found an ancient bone altar of Kikubaaqudgha.
   198 | D        | Found a basalt altar of Yredelemnul.
   198 | D        | Found a shimmering altar of Xom.
   198 | D        | Found a radiant altar of Vehumet.
   199 | D        | Found an iron altar of Okawaru.
   200 | D        | Found a burning altar of Makhleb.
   201 | D        | Found a deep blue altar of Sif Muna.
   202 | D        | Found a bloodstained altar of Trog.
   203 | D        | Found a sparkling altar of Nemelex Xobeh.
   204 | D        | Found a white marble altar of Elyvilon.
   205 | D        | Found a roughly hewn altar of Beogh.
   206 | D        | Found a viscous altar of Jiyva.
   207 | D        | Became a worshipper of Warmaster Okawaru
   208 | D        | Found a corrupted altar of Lugonu.
   209 | D        | Found a blossoming altar of Fedhas.
   210 | D        | Found a snail-covered altar of Cheibriados.
   211 | D        | Found a shadowy altar of Dithmenos.
   212 | D        | Found a stormy altar of Qazlal.
   213 | D        | Found an opulent altar of Gozag.
   214 | D        | Found a sacrificial altar of Ru.
   215 | D        | Found an oddly glowing altar of Pakellas.
   232 | D        | Got the +2 morningstar of the Land of Plenty {crush, Dex+6}
   467 | D        | Noticed a centaur
   467 | D        | Noticed an ogre
   472 | D        | Reached XP level 5. HP: 51/51 MP: 4/4
   475 | D        | Killed a centaur
   475 | D        | Reached skill level 1 in Invocations
   484 | D        | Killed an ogre
   484 | D        | Reached * piety under Okawaru
   484 | D        | Reached XP level 6. HP: 61/61 MP: 4/6
   509 | D        | Noticed a centaur warrior
   509 | D        | Noticed a basilisk
   509 | D        | Noticed a centaur warrior
   515 | D        | Killed a centaur warrior
   515 | D        | Reached ** piety under Okawaru
   515 | D        | Reached skill level 5 in Throwing
   515 | D        | Reached skill level 5 in Dodging
   515 | D        | Reached skill level 10 in Shields
   515 | D        | Reached XP level 7. HP: 69/71 MP: 5/9
   515 | D        | Reached XP level 8. HP: 77/79 MP: 5/10
   520 | D        | Reached skill level 10 in Armour
   523 | D        | Reached skill level 10 in Fighting
   526 | D        | Killed a centaur warrior
   526 | D        | Reached *** piety under Okawaru
   526 | D        | Reached skill level 10 in Maces & Flails
   526 | D        | Reached skill level 5 in Invocations
   529 | D        | Reached XP level 9. HP: 84/89 MP: 6/11
   678 | D        | Received a gift from Okawaru
   752 | D        | Noticed a spiny frog
   764 | D        | Killed a spiny frog
   764 | D        | Received a gift from Okawaru
   773 | D        | Reached **** piety under Okawaru
   786 | D        | Reached XP level 10. HP: 95/99 MP: 13/13
   863 | D        | Received a gift from Okawaru
   954 | D        | Noticed Urug
   964 | D        | Killed Urug
   964 | D        | Received a gift from Okawaru
  1159 | D        | Noticed an orc knight
  1173 | D        | Killed an orc knight
  1230 | D        | Noticed an orc knight
  1239 | D        | Killed an orc knight
  1239 | D        | Reached ***** piety under Okawaru
  1246 | D        | Noticed an orc knight
  1249 | D        | Noticed an orc knight
  1250 | D        | Received a gift from Okawaru
  1270 | D        | Killed an orc knight
  1270 | D        | Reached XP level 11. HP: 84/108 MP: 15/15
  1275 | D        | Killed an orc knight
  1396 | D        | Found Tuyfuj's Armour Emporium.
  1396 | D        | Noticed an orc sorcerer
  1396 | D        | Noticed an orc sorcerer
  1398 | D        | Killed an orc sorcerer
  1400 | D        | Noticed an orc sorcerer
  1407 | D        | Killed an orc sorcerer
  1408 | D        | Found Kaqueghe's Weapon Shoppe.
  1410 | D        | Noticed an orc sorcerer
  1413 | D        | Found Duus's Armour Emporium.
  1422 | D        | Found Aperhiem's Food Shoppe.
  1426 | D        | Killed an orc sorcerer
  1427 | D        | Noticed an orc sorcerer
  1428 | D        | Killed an orc sorcerer
  1430 | D        | Noticed an orc sorcerer
  1431 | D        | Noticed an orc sorcerer
  1434 | D        | Killed an orc sorcerer
  1439 | D        | Killed an orc sorcerer
  1452 | D        | Killed an orc sorcerer
  1648 | D        | Noticed Harold
  1662 | D        | Killed Harold
  1685 | D        | Noticed Sonja
  1992 | D        | Noticed a centaur warrior
  1993 | D        | Noticed a red ugly thing
  1998 | D        | Reached skill level 15 in Fighting
  2001 | D        | Noticed a tengu warrior
  2001 | D        | Killed a centaur warrior
  2001 | D        | Reached skill level 15 in Armour
  2001 | D        | Reached skill level 10 in Dodging
  2001 | D        | Reached skill level 15 in Shields
  2004 | D        | Noticed an ettin
  2005 | D        | Killed a red ugly thing
  2005 | D        | Reached skill level 15 in Maces & Flails
  2010 | D        | Noticed an ogre mage
  2014 | D        | Noticed a great orb of eyes
  2015 | D        | Killed a tengu warrior
  2021 | D        | Killed an ettin
  2024 | D        | Received a gift from Okawaru
  2031 | D        | Killed an ogre mage
  2031 | D        | Reached XP level 12. HP: 122/122 MP: 17/17
  2039 | D        | Killed a great orb of eyes
  2151 | D        | Noticed Kirke
  2161 | D        | Killed Kirke
  2161 | D        | Reached skill level 10 in Throwing
  2222 | D        | Noticed a naga warrior
  2242 | D        | Killed a naga warrior
  2261 | D        | Reached skill level 10 in Invocations
  2286 | D        | Gained mutation: You are somewhat resistant to further mutation. [mutagenic meat]
  2287 | D        | Gained mutation: You are clumsy. (Dex -2) [mutagenic meat]
  2288 | D        | Lost mutation: You are clumsy. (Dex -2) [potion of cure mutation]
  2288 | D        | Lost mutation: You are somewhat resistant to further mutation. [potion of cure mutation]
  2289 | D        | Gained mutation: Your mind is acute. (Int +2) [mutagenic meat]
  2290 | D        | Gained mutation: You are weak. (Str -2) [mutagenic meat]
  2291 | D        | Lost mutation: You are weak. (Str -2) [potion of cure mutation]
  2291 | D        | Lost mutation: Your mind is acute. (Int +2) [potion of cure mutation]
  2501 | D        | Received a gift from Okawaru
  2533 | D        | Reached XP level 13. HP: 127/132 MP: 15/19
  2583 | D        | Received a gift from Okawaru
  2762 | D        | Noticed Wiglaf
  2764 | D        | Noticed Nergalle
  2782 | D        | Killed Nergalle
  2793 | D        | Killed Wiglaf
  2847 | D        | Noticed Agnes
  2860 | D        | Killed Agnes
  2860 | D        | Received a gift from Okawaru
  2868 | D        | Noticed Nessos
  2870 | D        | Noticed Snorg
  2882 | D        | Killed Snorg
  2885 | D        | Killed Nessos
  2950 | D        | Noticed an ettin
  2956 | D        | Noticed a sphinx
  2959 | D        | Killed an ettin
  2959 | D        | Received a gift from Okawaru
  2967 | D        | Noticed a stone giant
  2969 | D        | Noticed a cyan very ugly thing
  2971 | D        | Noticed a white very ugly thing
  2978 | D        | Noticed a fire dragon
  2983 | D        | Killed a sphinx
  2983 | D        | Received a gift from Okawaru
  2990 | D        | Noticed an iron dragon
  2990 | D        | Killed a stone giant
  2998 | D        | Noticed a fire dragon
  3004 | D        | Killed a brown very ugly thing
  3004 | D        | Received a gift from Okawaru
  3004 | D        | Reached ****** piety under Okawaru
  3006 | D        | Got a transparent great mace {god gift}
  3009 | D        | Killed a brown very ugly thing
  3013 | D        | Killed a fire dragon
  3034 | D        | Killed an iron dragon
  3057 | D        | Killed a fire dragon
  3065 | D        | Received a gift from Okawaru
  3065 | D        | Reached XP level 14. HP: 32/146 MP: 14/21
  3110 | D        | Gained mutation: You are frail (-10% HP). [mutagenic meat]
  3111 | D        | Identified the +2 great mace of the Gloaming {freeze, Int+5} (Okawaru gifted it to you in the Dungeon)
  3160 | D        | Noticed an ironheart preserver
  3161 | D        | Noticed a vault warden
  3183 | D        | Killed an ironheart preserver
  3192 | D        | Killed a vault warden
  3261 | D        | Received a gift from Okawaru
  3737 | D        | Noticed Norris
  3750 | D        | Killed Norris
  3750 | D        | Received a gift from Okawaru
  3775 | D        | Noticed Boris
  3794 | D        | Killed Boris
  3810 | D        | Noticed Nikola
  3825 | D        | Killed Nikola
  3825 | D        | Received a gift from Okawaru
  3957 | D        | Reached skill level 1 in Evocations
  3989 | D        | Reached XP level 15. HP: 142/142 MP: 19/23
  3999 | D        | Got a decaying rune of Zot
  4235 | D        | Noticed Ilsuiw
  4243 | D        | Received a gift from Okawaru
  4256 | D        | Killed Ilsuiw
  4268 | D        | Received a gift from Okawaru
  4300 | D        | Received a gift from Okawaru
  4318 | D        | Got a barnacled rune of Zot
  4397 | D        | Reached skill level 15 in Dodging
  4454 | D        | Received a gift from Okawaru
  4454 | D        | Reached skill level 5 in Evocations
  4457 | D        | Killed a ghost moth
  4476 | D        | Gained mutation: You have sharp fingernails. [mutagenic meat]
  4480 | D        | Gained mutation: You are somewhat resistant to further mutation. [mutagenic meat]
  4485 | D        | Got a gossamer rune of Zot
  4594 | D        | Noticed a greater naga
  4594 | D        | Noticed a greater naga
  4595 | D        | Noticed a greater naga
  4597 | D        | Killed a greater naga
  4599 | D        | Killed a greater naga
  4599 | D        | Killed a greater naga
  4599 | D        | Received a gift from Okawaru
  4609 | D        | Noticed a greater naga
  4623 | D        | Killed a greater naga
  4623 | D        | Received a gift from Okawaru
  4641 | D        | Got a serpentine rune of Zot
  4666 | D        | Gained mutation: You are partially covered in thin metallic scales (AC +2). [mutagenic meat]
  4668 | D        | Gained mutation: Your body sometimes deteriorates upon taking damage. [mutagenic meat]
  4811 | D        | Noticed Margery
  4819 | D        | Killed Margery
  4854 | D        | Noticed Frederick
  4864 | D        | Killed Frederick
  4864 | D        | Reached XP level 16. HP: 107/154 MP: 25/25
  4936 | D        | Received a gift from Okawaru
  4936 | D        | Reached skill level 15 in Throwing
  4970 | D        | Received a gift from Okawaru
  4992 | D        | Received a gift from Okawaru
  5234 | D        | Received a gift from Okawaru
  5234 | D        | Received a gift from Okawaru
  5238 | D        | Noticed a shadow dragon
  5244 | D        | Noticed a shadow dragon
  5251 | D        | Killed a shadow dragon
  5258 | D        | Killed a shadow dragon
  5387 | D        | Identified a +2 pair of boots of running (Okawaru gifted it to you in the Dungeon)
  5390 | D        | Noticed a shadow dragon
  5390 | D        | Noticed a tentacled monstrosity
  5390 | D        | Noticed a quicksilver dragon
  5390 | D        | Noticed a shadow dragon
  5393 | D        | Noticed an ancient lich
  5395 | D        | Killed a quicksilver dragon
  5395 | D        | Killed a shadow dragon
  5398 | D        | Noticed a shadow dragon
  5399 | D        | Killed a tentacled monstrosity
  5399 | D        | Reached skill level 10 in Evocations
  5399 | D        | Killed an ancient lich
  5399 | D        | Received a gift from Okawaru
  5399 | D        | Reached XP level 17. HP: 166/166 MP: 19/26
  5415 | D        | Got a silver rune of Zot
  5428 | D        | Gained mutation: You are weak. (Str -2) [mutagenic meat]
  5431 | D        | Got a translucent cloak
  5444 | D        | Identified the +0 cloak "Qappinyi" {Str+3 Int+4} (You found it in the Dungeon)
  5545 | D        | Noticed Xtahua
  5554 | D        | Killed Xtahua
  5554 | D        | Received a gift from Okawaru
  5660 | D        | Got the ring "Soawa" {Wiz Slay+3}
  5664 | D        | Got the ring of Niar {Fire SInv}
  5666 | D        | Got the ring "Dohel Eke" {*Confuse rF+ rC+ rN+ Str+3}
  5668 | D        | Got the ring of Zytai {rPois rC+ Str+6 Dex-2}
  5670 | D        | Got the amulet of Heruanoy {Dismiss Str+6 Dex+3 SInv}
  5716 | D        | Lost mutation: You are frail (-10% HP). [potion of cure mutation]
  5716 | D        | Lost mutation: You are weak. (Str -2) [potion of cure mutation]
  5716 | D        | Lost mutation: Your body sometimes deteriorates upon taking damage. [potion of cure mutation]
  5716 | D        | Lost mutation: You are somewhat resistant to further mutation. [potion of cure mutation]
  5721 | D        | Got the +0 hat of Inference {Str+3 Int+4}
  5842 | D        | Noticed Mara
  5864 | D        | Noticed Kidiri's illusion
  5868 | D        | Killed Mara
  5931 | D        | Gained mutation: You are covered in fur (AC +1). [mutagenic meat]
  5932 | D        | Gained mutation: Your flesh is heat resistant. [mutagenic meat]
  5938 | D        | Gained mutation: Your flesh is cold resistant. [mutagenic meat]
  5939 | D        | Lost mutation: Your flesh is heat resistant. [mutagenic meat]
  6034 | D        | Noticed a golden dragon
  6034 | D        | Noticed a bone dragon
  6038 | D        | Killed a golden dragon
  6042 | D        | Killed a bone dragon
  6119 | D        | Noticed a tentacled monstrosity
  6124 | D        | Reached skill level 27 in Shields
  6124 | D        | Reached skill level 27 in Fighting
  6124 | D        | Reached skill level 27 in Maces & Flails
  6124 | D        | Killed a tentacled monstrosity
  6124 | D        | Reached skill level 27 in Armour
  6157 | D        | Received a gift from Okawaru
  6164 | D        | Received a gift from Okawaru
  6174 | D        | Gained mutation: Your movements are slightly less encumbered by armour (ER -2). [mutagenic meat]
  6175 | D        | Gained mutation: You possess an exceptional clarity of mind. [mutagenic meat]
  6178 | D        | Gained mutation: Your magical capacity is low (-10% MP). [mutagenic meat]
  6179 | D        | Gained mutation: Your system is resistant to poisons. [mutagenic meat]
  6220 | D        | Noticed a tentacled monstrosity
  6226 | D        | Killed a tentacled monstrosity
  6230 | D        | Reached XP level 18. HP: 200/200 MP: 17/25
  7661 | D        | Fell from the grace of Okawaru
  7661 | D        | Became a worshipper of the Shining One
  9036 | D        | Reached * piety under the Shining One
  9036 | D        | Noticed a tentacled monstrosity
  9036 | D        | Reached ** piety under the Shining One
  9039 | D        | Killed a tentacled monstrosity
  9039 | D        | Reached skill level 15 in Evocations
  9044 | D        | Reached *** piety under the Shining One
  9045 | D        | Noticed a curse toe
  9052 | D        | Killed a curse toe
  9206 | D        | Noticed an Orb Guardian
  9206 | D        | Noticed an Orb Guardian
  9206 | D        | Reached **** piety under the Shining One
  9206 | D        | Noticed an Orb Guardian
  9206 | D        | Noticed an Orb Guardian
  9206 | D        | Noticed an Orb Guardian
  9206 | D        | Noticed an Orb Guardian
  9209 | D        | Noticed an Orb Guardian
  9210 | D        | Killed an Orb Guardian
  9210 | D        | Killed an Orb Guardian
  9210 | D        | Killed an Orb Guardian
  9211 | D        | Killed an Orb Guardian
  9212 | D        | Killed an Orb Guardian
  9212 | D        | Killed an Orb Guardian
  9213 | D        | Noticed an Orb Guardian
  9213 | D        | Reached ***** piety under the Shining One
  9215 | D        | Killed an Orb Guardian
  9217 | D        | Killed an Orb Guardian
  9218 | D        | Noticed an Orb Guardian
  9219 | D        | Noticed an Orb Guardian
  9225 | D        | Killed an Orb Guardian
  9228 | D        | Killed an Orb Guardian
  9258 | D        | Noticed an Orb Guardian
  9258 | D        | Noticed an Orb Guardian
  9258 | D        | Noticed a tentacled monstrosity
  9260 | D        | Killed an Orb Guardian
  9262 | D        | Noticed an Orb Guardian
  9263 | D        | Killed an Orb Guardian
  9263 | D        | Reached skill level 15 in Invocations
  9264 | D        | Noticed an Orb Guardian
  9268 | D        | Killed a tentacled monstrosity
  9273 | D        | Killed an Orb Guardian
  9282 | D        | Killed an Orb Guardian
  9329 | D        | Noticed an ancient lich
  9329 | D        | Reached ****** piety under the Shining One
  9339 | D        | Killed an ancient lich
  9342 | D        | Noticed an orb of fire
  9342 | D        | Gained mutation: Your spells are a little easier to cast, but a little less powerful. [an orb of fire]
  9342 | D        | Gained mutation: Armour fits poorly on your strangely shaped body. [an orb of fire]
  9348 | D        | Killed an orb of fire
  9400 | D        | Noticed an electric golem
  9433 | D        | Noticed an ancient lich
  9433 | D        | Noticed a Killer Klown
  9433 | D        | Noticed an orb of fire
  9433 | D        | Noticed an Orb Guardian
  9435 | D        | Killed an orb of fire
  9435 | D        | Reached XP level 19. HP: 207/207 MP: 28/28
  9436 | D        | Noticed an orb of fire
  9438 | D        | Killed an ancient lich
  9439 | D        | Noticed a golden dragon
  9440 | D        | Killed a Killer Klown
  9442 | D        | Gained mutation: You are clumsy. (Dex -2) [an orb of fire]
  9448 | D        | Killed a golden dragon
  9451 | D        | Noticed an orb of fire
  9452 | D        | Noticed an electric golem
  9452 | D        | Noticed an orb of fire
  9453 | D        | Noticed an electric golem
  9463 | D        | Gained mutation: You are dopey. (Int -2) [an orb of fire]
  9464 | D        | HP: 4/207 [orb of fire/fireball (29)]
  9464 | D        | Killed from afar by an orb of fire

Vault maps used:
D:        linesprint

Skill      XL: |  1  2  3  4  5  6  7  8  9 10 11 12 13 14 15 16 17 18 19 |
---------------+----------------------------------------------------------+-----
Armour         | 4 5 6 8 9 11 12 13 15 17 19 21 23 25 27 | 27.0
Maces & Flails | 3 4 5 7 9 10 12 13 15 17 19 21 23 25 27 | 27.0
Throwing       | 1 2 3 4 5 6 7 8 9 10 12 13 14 16 19 23 24 | 24.8
Shields        | 4 5 6 8 10 11 12 13 15 17 19 21 23 25 27 | 27.0
Fighting       | 4 5 6 7 9 11 12 13 15 17 19 21 23 25 27 | 27.0
Dodging        | 2 3 4 5 6 7 9 10 11 12 14 15 17 21 25 26 | 26.5
Invocations    | 2 4 5 6 7 9 10 11 13 14 17 18 | 18.7
Evocations     | 2 7 10 14 20 21 | 21.0

Action                   |  1- 3 |  4- 6 |  7- 9 | 10-12 | 13-15 | 16-18 | 19-21 || total
-------------------------+-------+-------+-------+-------+-------+-------+-------++-------
Melee: Flail             |    37 |     3 |       |       |       |       |       ||    40
       Headbutt          |     4 |     8 |    19 |    58 |   146 |    42 |     2 ||   279
       Morningstar       |       |    26 |    73 |   266 |   446 |   176 |    10 ||   997
Throw: Javelin           |       |       |       |    21 |    61 |   108 |     9 ||   199
       Tomahawk          |       |       |       |    15 |    12 |     3 |       ||    30
       Throwing net      |       |       |       |     1 |     1 |       |       ||     2
Invok: Heroism           |       |     1 |     2 |    10 |    13 |     8 |       ||    34
       Finesse           |       |       |       |     5 |    12 |     8 |       ||    25
       Divine Shield     |       |       |       |       |       |     5 |       ||     5
       Summon Divine War |       |       |       |       |       |       |     1 ||     1
 Abil: Evoke Invisibilit |       |       |       |       |     3 |     2 |       ||     5
  Use: Scroll            |       |       |       |     3 |     4 |     3 |       ||    10
       Potion            |       |       |       |     2 |     6 |     1 |     1 ||    10
 Stab: Held in net/web   |       |       |       |     1 |       |       |       ||     1
       Confused          |       |       |       |       |     3 |       |       ||     3
       Invisible         |       |       |       |       |    15 |       |       ||    15
  Eat: Chunk             |       |       |       |     7 |    20 |    21 |       ||    48
       Fruit             |       |       |       |    11 |       |    10 |       ||    21
Armor: Scale mail        |    17 |       |       |       |       |       |       ||    17
       Plate armour      |       |    22 |    15 |    35 |    61 |    11 |     1 ||   145
Dodge: Dodged            |     7 |    14 |    14 |    64 |    82 |    37 |     9 ||   227
Block: Shield            |    25 |    21 |    36 |    55 |       |       |       ||   137
       Large shield      |       |       |       |   114 |   306 |   165 |    24 ||   609
